 Dungeon Crawl Stone Soup version 0.25-a0-294-gea9b1ad378 (webtiles) character file.

Game seed: 17704434200305388674, levelgen mode: classic

34782 Borgoz the Basher (level 13, -4/84 HPs)
             Began as a Gargoyle Gladiator on Dec 19, 2019.
             Was a Believer of Ashenzari.
             Killed from afar by an ice dragon (30 damage)
             ... with a blast of cold
             ... on level 14 of the Dungeon.
             The game lasted 00:23:14 (13761 turns).

Borgoz the Basher (Gargoyle Gladiator)             Turns: 13761, Time: 00:23:15

Health: -4/84      AC: 18    Str: 18    XL:     13   Next: 79%
Magic:  0/13       EV: 24    Int: 10    God:    Ashenzari [**....]
Gold:   721        SH:  0    Dex: 15    Spells: 12/12 levels left

rFire    . . .     SeeInvis .   a - +0 flail (crush)
rCold    . . .     Gourm    .   (no shield)
rNeg     + . .     Faith    .   e - +0 troll leather armour
rPois    ∞         Spirit   +   c - +0 helmet
rElec    +         Reflect  .   E - scarf {cloud immunity}
rCorr    .         Harm     .   (no gloves)
MR       .....                  w - +0 pair of boots
Stlth    +.........             F - amulet of guardian spirit
HPRegen  0.64/turn              k - +6 ring of evasion
MPRegen  0.13/turn              (no ring)

@: no status effects
A: negative energy resistance 1, electricity resistance, unbreathing,
petrification resistance, rot immunity, AC +9
a: Curse Item, Scrying, Renounce Religion


You were on level 14 of the Dungeon.
You worshipped Ashenzari.
Ashenzari was pleased with you.
You were hungry.

You visited 2 branches of the dungeon, and saw 15 of its levels.
You also visited: Sewer.

You collected 721 gold pieces.

Inventory:

Hand Weapons
 a - a +0 flail of crushing (weapon)
Missiles
 d - 2 throwing nets (quivered)
Armour
 c - a +0 helmet (worn)
 e - a +0 troll leather armour (worn)
 w - a +0 pair of boots (worn)
 E - a scarf of cloud immunity (worn)
Jewellery
 b - an uncursed amulet of the acrobat
 k - a +6 ring of evasion (left hand)
 F - an amulet of guardian spirit (around neck)
 K - the ring "Ginuh" {Ice rPois MR+ Stlth-}
   (You found it on level 13 of the Dungeon)

   [ring of ice]

   It enhances your ice magic.
   It makes you vulnerable to fire.
   It protects you from cold.
   It protects you from poison.
   It affects your resistance to hostile enchantments.
   It makes you less stealthy.
Wands
 h - a wand of enslavement (20)
 v - a wand of flame (62)
Scrolls
 m - 3 scrolls of amnesia
 n - 2 scrolls of immolation {unknown}
 p - 4 scrolls of teleportation {unknown}
 q - 4 scrolls of blinking
 r - 2 scrolls of enchant armour {unknown}
 s - 2 scrolls of random uselessness {unknown}
 t - a scroll of enchant weapon {unknown}
 x - 6 scrolls of remove curse
 y - a scroll of noise {unknown}
 z - 2 scrolls of fear {unknown}
 C - a scroll of fog {unknown}
 G - a scroll of torment {unknown}
 J - 2 scrolls of magic mapping {unknown}
Potions
 i - 4 potions of mutation
 j - 6 potions of curing
 l - 2 potions of magic
 o - 6 potions of haste
 u - 4 potions of agility
 A - 3 potions of heal wounds
 B - a potion of resistance
 D - a potion of lignification
 H - 2 potions of brilliance {unknown}
 I - a potion of flight {unknown}
Comestibles
 f - 27 rations
 g - 3 chunks of flesh


   Skills:
 + Level 11.6 Fighting
 * Level 14.5 Maces & Flails
 - Level 1.7 Throwing
 + Level 11.3 Armour
 + Level 9.3 Dodging


You had 12 spell levels left.
You didn't know any spells.
Your spell library contained the following spells:

 Spells                   Type           Power        Failure   Level  Hunger
 Beastly Appendage        Tmut           #.....       41%         1    ##.....
 Corona                   Hex            #......      41%         1    ##.....
 Foxfire                  Conj/Fire      #...         41%         1    ##.....
 Sandblast                Erth           #.....       41%         1    ##.....
 Poisonous Vapours        Pois/Air       #.....       54%         2    ###....
 Slow                     Hex            #.......     54%         2    ###....
 Sticks to Snakes         Tmut           #.......     54%         2    ###....
 Swiftness                Chrm/Air       #.......     54%         2    ###....
 Conjure Flame            Conj/Fire      #.......     78%         3    ####...
 Inner Flame              Hex/Fire       #.......     78%         3    ####...
 Portal Projectile        Hex/Tloc       #.....       78%         3    ####...
 Recall                   Summ/Tloc      N/A          78%         3    ####...
 Spider Form              Tmut/Pois      #.........   78%         3    ####...
 Stone Arrow              Conj/Erth      #.....       78%         3    ####...
 Animate Dead             Necr           N/A          99%         4    #####..
 Cause Fear               Hex            #.........   99%         4    #####..
 Ice Form                 Ice/Tmut       #.......     99%         4    #####..
 Leda's Liquefaction      Hex/Erth       #.........   99%         4    #####..
 Sticky Flame             Conj/Fire      #.......     99%         4    #####..
 Blade Hands              Tmut           #.........   100%        5    ######.
 Borgnjor's Vile Clutch   Necr/Erth      #.........   100%        5    ######.
 Fireball                 Conj/Fire      #.........   100%        5    ######.
 Lightning Bolt           Conj/Air       #.........   100%        5    ######.
 Silence                  Hex/Air        #.........   100%        5    ######.
 Death Channel            Necr           #.........   100%        6    #######
 Simulacrum               Ice/Necr       #.........   100%        6    #######


Dungeon Overview and Level Annotations

Branches:
Dungeon (14/15)            Temple (1/1) D:7            Lair (0/6) D:8
    Orc (0/2) D:11         Vaults (0/5) D:13          Sewer (visited)

Altars:
Ashenzari
Cheibriados
Dithmenos
Elyvilon
Fedhas
Gozag
Hepliaklqana
Kikubaaqudgha
Makhleb
Nemelex Xobeh
Okawaru
Qazlal
Ru
Sif Muna
Trog
Uskayaw
Vehumet
Wu Jian
Xom
Yredelemnul
Zin
The Shining One


Innate Abilities, Weirdness & Mutations

You are resistant to torment.
Your stone body is resilient. (AC +9)
You are immune to poison.
You resist negative energy. (rN+)
You are resistant to electric shocks. (rElec)
You can survive without breathing.
You are immune to petrification.
You are immune to rotting.


Message History

The vampire mosquito is heavily damaged.
The vampire mosquito misses you.
You bludgeon the vampire mosquito!!
You destroy the vampire mosquito!
You swing at nothing.
You swing at nothing.
You sock the ogre!
The ogre is moderately wounded.
The ogre completely misses you.
You hit the ogre.
The ogre is heavily wounded.
You sock the ogre!
The ogre is almost dead.
The ogre completely misses you.
You sock the ogre!
You kill the ogre!
You see here a +0 giant club.
The ice dragon breathes frost at you. The blast of cold hits you!!
You die...

* * .....# , ,
,....$# * , *
.....# * *#....#
#....##
##.....## * *
##)<†....## ,
*#####.........#
,
..D....@......#
...........[..#
, ,
#..###.........#
.. #.#.......# .
#.##.....## ,
,,, #.,,.....# +
.. *.....#* *
,,. .[.... ,


You could see an ice dragon.

Vanquished Creatures
  A hydra (D:13)
  Harold (D:8)
  2 vault guards (D:13)
  2 centaur warriors (D:13)
  6 two-headed ogres
  An ogre mage (D:12)
  2 wizards (D:13)
  An unseen horror (D:10)
  3 necromancers (D:13)
  Pikel (D:4)
  2 ugly things
  2 deep elf magi
  A cyclops (D:12)
  5 manticores
  7 gargoyles
  2 centaur zombies
  Joseph (D:10)
  A kobold demonologist (D:12)
  A tengu conjurer (D:12)
  3 trolls
  A hornet (D:12)
  Prince Ribbit (D:5)
  3 hippogriffs
  5 slime creatures
  A meliai zombie (D:12)
  18 humans (D:13)
  A wraith (D:12)
  2 shadows (D:13)
  17 yaks
  2 chaos spawn (D:13)
  A hungry ghost (D:13)
  4 vampire mosquitoes
  Edmund (D:5)
  A soldier ant (D:11)
  An acid dragon (D:13)
  Duvessa (D:5)
  4 porcupines
  A sky beast (D:6)
  A black bear (D:7)
  4 slaves (D:4)
  3 orc warriors
  2 phantoms
  An eye of draining (shapeshifter) (D:13)
  3 ice beasts
  A tengu (shapeshifter) (D:13)
  2 necrophages
  7 ogres
  2 centaurs
  2 crocodiles (D:8)
  6 big kobolds
  5 bullfrogs
  A wyvern zombie (D:12)
  Dowan (D:5)
  3 scorpions
  11 killer bees
  5 howler monkeys
  A bullfrog zombie (D:5)
  4 crimson imps
  4 bullfrog skeletons
  8 hounds
  2 gnoll shamans
  A jelly (D:10)
  3 orc priests
  A quasit (D:12)
  3 centaur skeletons
  Ijyb (D:4)
  3 iguanas
  7 orc wizards
  9 worker ants
  A worker ant zombie (D:10)
  Robin (D:3)
  8 gnolls
  7 adders
  2 river rats (D:3)
  5 shadow imps
  2 adder skeletons (D:7)
  2 worms
  3 dart slugs
  6 leopard geckos
  23 orcs
  4 giant cockroaches
  6 hobgoblins
  15 jackals
  27 kobolds
  4 quokkas
  6 ball pythons
  9 bats
  4 frilled lizards
  13 goblins
  A quokka skeleton (D:8)
  12 rats
378 creatures vanquished.

Vanquished Creatures (others)
  An unseen horror (D:13)
  A wyvern (D:12)
  An ogre (D:12)
  A bush (D:8)
  7 plants (D:8)
11 creatures vanquished.

Grand Total: 389 creatures vanquished

Notes
Turn   | Place    | Note
-------+----------+-------------------------------------------
     0 | D:1      | Borgoz the Gargoyle Gladiator began the quest for the Orb.
     0 | D:1      | Reached XP level 1. HP: 12/12 MP: 1/1
   238 | D:1      | Reached XP level 2. HP: 18/18 MP: 2/2
   626 | D:2      | Reached skill level 1 in Armour
   650 | D:2      | Reached XP level 3. HP: 14/22 MP: 3/3
  1424 | D:3      | Found a glowing drain.
  1438 | D:3      | Reached XP level 4. HP: 21/27 MP: 4/4
  1489 | Sewer    | Entered a sewer
  1550 | Sewer    | Noticed a big kobold
  1562 | Sewer    | Killed a big kobold
  1562 | Sewer    | Reached skill level 4 in Maces & Flails
  1562 | Sewer    | Reached XP level 5. HP: 29/32 MP: 5/5
  1769 | Sewer    | Noticed a big kobold
  1769 | Sewer    | Noticed a big kobold
  1775 | Sewer    | Killed a big kobold
  1775 | Sewer    | Reached XP level 6. HP: 37/37 MP: 6/6
  1931 | D:3      | Noticed Robin
  1960 | D:3      | Killed Robin
  1960 | D:3      | Reached skill level 5 in Maces & Flails
  2519 | D:4      | Noticed a slave
  2519 | D:4      | Noticed a slave
  2519 | D:4      | Noticed a slave
  2520 | D:4      | Noticed Pikel
  2521 | D:4      | Noticed a slave
  2558 | D:4      | Killed a slave
  2577 | D:4      | Killed a slave
  2583 | D:4      | Killed a slave
  2590 | D:4      | Killed a slave
  2615 | D:4      | Killed Pikel
  2615 | D:4      | Reached skill level 6 in Maces & Flails
  2615 | D:4      | Reached XP level 7. HP: 19/44 MP: 7/7
  2615 | D:4      | Reached XP level 8. HP: 21/48 MP: 8/8
  2881 | D:4      | Noticed Ijyb
  2898 | D:4      | Killed Ijyb
  2898 | D:4      | Reached skill level 5 in Fighting
  2912 | D:4      | Found a blossoming altar of Fedhas.
  3259 | D:5      | Entered Level 5 of the Dungeon
  3272 | D:5      | Noticed Dowan
  3274 | D:5      | Noticed Duvessa
  3320 | D:5      | Killed Duvessa
  3320 | D:5      | Reached skill level 7 in Maces & Flails
  3330 | D:5      | Killed Dowan
  3408 | D:5      | Noticed Prince Ribbit
  3411 | D:5      | Noticed Edmund
  3438 | D:5      | Killed Edmund
  3438 | D:5      | Reached skill level 5 in Armour
  3445 | D:5      | Found an opulent altar of Gozag.
  3701 | D:5      | Killed Prince Ribbit
  3701 | D:5      | Reached XP level 9. HP: 37/55 MP: 9/9
  4175 | D:6      | Reached skill level 5 in Dodging
  4302 | D:6      | Reached skill level 8 in Maces & Flails
  4320 | D:6      | You fall into a shaft and drop 1 floor!
  5401 | D:7      | Reached skill level 9 in Maces & Flails
  5420 | D:7      | Reached XP level 10. HP: 51/63 MP: 10/10
  5831 | D:7      | Found a staircase to the Ecumenical Temple.
  5843 | Temple   | Entered the Ecumenical Temple
  5898 | Temple   | Became a worshipper of Ashenzari the Shackled
  6339 | D:8      | Noticed Harold
  6357 | D:8      | Killed Harold
  6357 | D:8      | Reached skill level 10 in Maces & Flails
  7077 | D:8      | Found a staircase to the Lair.
  7265 | D:8      | Noticed a two-headed ogre
  7274 | D:8      | Killed a two-headed ogre
  7274 | D:8      | Reached XP level 11. HP: 69/69 MP: 11/11
  7652 | D:9      | Reached skill level 11 in Maces & Flails
  8490 | D:10     | Entered Level 10 of the Dungeon
  8551 | D:10     | Killed an unseen horror
  8849 | D:10     | Reached * piety under Ashenzari
  8881 | D:10     | Noticed Joseph
  8894 | D:10     | Killed Joseph
  9939 | D:10     | Found a glowing golden altar of the Shining One.
 10135 | D:11     | Reached skill level 12 in Maces & Flails
 10202 | D:11     | Found a staircase to the Orcish Mines.
 10459 | D:11     | Noticed a green ugly thing
 10471 | D:11     | Killed a green ugly thing
 10834 | D:12     | Reached XP level 12. HP: 76/76 MP: 12/12
 11492 | D:12     | Noticed a two-headed ogre
 11501 | D:12     | Killed a two-headed ogre
 11501 | D:12     | Reached skill level 10 in Fighting
 11880 | D:12     | Noticed a two-headed ogre
 11881 | D:12     | Noticed a two-headed ogre
 11882 | D:12     | Noticed an ogre mage
 11882 | D:12     | Noticed a two-headed ogre
 11901 | D:12     | Killed a two-headed ogre
 11936 | D:12     | Killed an ogre mage
 11953 | D:12     | Killed a two-headed ogre
 11953 | D:12     | Reached skill level 13 in Maces & Flails
 11953 | D:12     | Reached skill level 10 in Armour
 11961 | D:12     | Killed a two-headed ogre
 12127 | D:13     | Reached ** piety under Ashenzari
 12317 | D:13     | Found a sacrificial altar of Ru.
 12328 | D:13     | Noticed an eight-headed hydra
 12340 | D:13     | Killed an eight-headed hydra
 12340 | D:13     | Reached XP level 13. HP: 70/83 MP: 10/13
 12572 | D:13     | Paralysed by a wizard for 3 turns
 12630 | D:13     | Found a gate to the Vaults.
 12630 | D:13     | Noticed a vault guard
 12630 | D:13     | Noticed a vault guard
 12662 | D:13     | Killed a vault guard
 12668 | D:13     | Killed a vault guard
 12684 | D:13     | Reached skill level 14 in Maces & Flails
 13034 | D:13     | Identified the ring "Ginuh" {Ice rPois MR+ Stlth-}
 13038 | D:13     | Identified Dopiu's Compendium of Dusty Air
 13737 | D:14     | Noticed an ice dragon
 13761 | D:14     | Killed from afar by an ice dragon

Levels and vault maps discovered:
D:1:      minmay_arrival_hallway, layout_loops_cross
D:2:      layout_basic
D:3:      layout_basic, portal_sewer_entry_a, uniq_robin
D:4:      layout_basic, fedhas_ov_isle_minmay, uniq_pikel, uniq_ijyb
D:5:      layout_basic, old_standard_altar, first_ration, uniq_edmund,
          uniq_duvessa, uniq_prince_ribbit1
D:6:      layout_gridville
D:7:      layout_loops_corners, minmay_temple_entry_antechambers
D:8:      layout_basic, minmay_lair_entry_grove, blue_anna_alchemist
          [blue_anna_fruit_fields, blue_anna_fruit_fields], uniq_harold
D:9:      layout_basic, minmay_stone_trees_small, serial_bayou_pond_a
D:10:     cheibrodos_statue_roulette, layout_cave_pools,
          serial_co_window_serial, co_window_paths_a, co_window_cross_1,
          co_window_paths_a, co_window_paths_a, co_window_corner_a,
          co_window_of_opportunity_b, co_window_unsneaky_path_a,
          co_window_of_opportunity_b, co_window_sun, glass_columns_c,
          glass_columns_a, glass_columns_a, minmay_misc_feat_four_crosses,
          minmay_holes, st_stairs_11, nicolae_tso_swordbearing_angel,
          uniq_joseph
D:11:     layout_basic, orc_0_dummy
D:12:     lemuel_flame_loot_2, layout_cave_pods
D:13:     minmay_cut_squares, layout_long_grid, grunt_vaults_entry_tiered,
          nicolae_ru_the_path_less_chosen
D:14:     layout_layer_cave, enter_bailey_2, minmay_guarded_unrand_variability
Temple:   regret_index_temple_sigil_plot

Skill      XL: |  1  2  3  4  5  6  7  8  9 10 11 12 13 |
---------------+----------------------------------------+-----
Armour         | 1 2 4 5 6 8 9 10 11 | 11.3
Fighting       | 3 4 5 7 8 9 10 11 | 11.6
Maces & Flails | 4 6 7 9 10 12 13 14 | 14.5
Dodging        | 3 4 5 6 7 8 9 |  9.3
Throwing       | |  1.7

Action                   |  1- 3 |  4- 6 |  7- 9 | 10-12 | 13-15 || total
-------------------------+-------+-------+-------+-------+-------++-------
Melee: Flail             |    93 |   238 |   224 |   987 |   508 ||  2050
       Whip              |       |       |   170 |       |       ||   170
Throw: Throwing net      |       |       |       |     6 |     2 ||     8
Evoke: Wand              |       |       |       |     5 |       ||     5
  Use: Potion            |       |     7 |       |     5 |       ||    12
       Scroll            |       |     4 |       |     9 |       ||    13
 Stab: Sleeping          |     1 |       |     1 |       |       ||     2
       Held in net/web   |       |       |       |     4 |     4 ||     8
  Eat: Chunk             |     1 |     4 |    10 |    20 |     6 ||    41
       Ration            |       |       |       |     1 |       ||     1
Armor: Leather armour    |    21 |    97 |   102 |   100 |       ||   320
       Troll leather arm |       |       |       |   135 |   108 ||   243
       Skin              |       |       |       |    26 |       ||    26
Dodge: Dodged            |    94 |   336 |   300 |  1083 |   407 ||  2220

Table legend:
 A = Non-vault XP
 B = Vault XP
 C = Vault XP percentage of total XP
 D = Non-vault monster count
 E = Vault monster count
 F = Vault count percentage of total count
                 A         B        C        D         E       F
            +---------+---------+-------+---------+---------+-------
      Total |   29495 |   20194 |  40.6 |     268 |     106 |  28.3
            +---------+---------+-------+---------+---------+-------
        D:1 |      29 |       0 |   0.0 |      18 |       0 |   0.0
        D:2 |      21 |       0 |   0.0 |       9 |       0 |   0.0
        D:3 |     153 |      71 |  31.7 |      21 |      18 |  46.2
        D:4 |     339 |     687 |  67.0 |      16 |       2 |  11.1
        D:5 |     329 |     656 |  66.6 |      11 |       4 |  26.7
        D:6 |     638 |       0 |   0.0 |      13 |       0 |   0.0
        D:7 |    2181 |    1525 |  41.1 |      34 |       8 |  19.0
        D:8 |    1441 |    1600 |  52.6 |      14 |       6 |  30.0
        D:9 |    1766 |       0 |   0.0 |      21 |       0 |   0.0
       D:10 |    1997 |    3225 |  61.8 |      19 |       9 |  32.1
       D:11 |    1341 |       0 |   0.0 |       8 |       0 |   0.0
       D:12 |   10286 |     736 |   6.7 |      51 |       2 |   3.8
       D:13 |    7830 |   11377 |  59.2 |      27 |      33 |  55.0
       D:14 |    1144 |       0 |   0.0 |       6 |       0 |   0.0
      Sewer |       0 |     317 | 100.0 |       0 |      24 | 100.0
            +---------+---------+-------+---------+---------+-------
